 Dungeon Sprint DCSS version 0.15.0 (webtiles) character file.

1600000 staplegun the Ninja (level 14, -12/87 HPs)
             Began as a Spriggan Assassin on Aug 28, 2014.
             Mangled by a meat berserker
             ... wielding a +9 battleaxe
              (26 damage)
             ... in the Dungeon (Sprint VIII: "Arena of Blood").
             The game lasted 00:01:06 (16 turns).

staplegun the Ninja (Spriggan Assassin)               Turns: 16, Time: 00:01:06

HP -12/87        AC  3     Str 11      XL: 14   Next: 66%
MP  23/23        EV 36     Int 14      God:
Gold 0           SH  0     Dex 17      Spells:  0 memorised, 13 levels left

rFire  . . .     SeeInvis +     n - +∞ Axe of Woe
rCold  . . .     Clarity  .     c - +0 robe
rNeg   . . .     rCorr    .     (shield restricted)
rPois  .         rRot     .     (helmet restricted)
rElec  .         Spirit   .     d - +0 cloak
SustAb .         Warding  .     (gloves unavailable)
rMut   .         NoTele   +     (boots unavailable)
Gourm  .                        (no amulet)
MR     ++...                    (no ring)
                                (no ring)

@: very quick, very resistant to hostile enchantments, uncannily stealthy
A: unfitting armour, see invisible, herbivore 3, speed 3, slow metabolism 2
a: no special abilities


You were in the Dungeon.
You were not hungry.

You visited 1 branch

Inventory:

Hand weapons
 a - a +2 dagger
 b - a +0 blowgun
 n - the +∞ Axe of Woe (weapon)
   (You found it in the Dungeon)
Missiles
 e - 8 poisoned needles
 f - 2 curare-tipped needles
Armour
 c - a +0 robe (worn)
 d - a +0 cloak (worn)
Scrolls
 m - a scroll of blinking
Potions
 g - a potion of porridge
 h - a potion of curing
 i - a potion of heal wounds
 j - a potion of haste
 k - 2 potions of magic
 l - a potion of berserk rage


   Skills:
 + Level 16.3 Fighting
 - Level 12.0 Short Blades
 * Level 18.4 Axes
 - Level 12.1 Throwing
 + Level 22.1 Dodging
 O Level 27 Stealth


You had 13 spell levels left.
You didn't know any spells.

Dungeon Overview and Level Annotations

Branches:
Dungeon (1/1)

Altars:
Makhleb


Innate Abilities, Weirdness & Mutations

You are tiny and cannot use many weapons and most armour.
You have supernaturally acute eyesight.
You are a herbivore.
You cover ground extremely quickly.
You need consume almost no food.


Message History

The meat berserker rages.
You hear a shout! x5
A bag of meat comes into view. It is wielding a +9 war axe.
You slash the bag of meat!
You fatally mangle the bag of meat.
You kill the bag of meat!
Your Fighting skill increases to level 15!
Your Axes skill gained 2 levels and is now at level 17!
Your Dodging skill increases to level 20!
You have reached level 14!
You hear a shout! x6
A meat berserker comes into view. It is wielding a +9 battleaxe.
You hit the bag of meat.
You fatally mangle the bag of meat.
You kill the bag of meat!
Your Fighting skill increases to level 16!
Your Axes skill increases to level 18!
Your Dodging skill gained 2 levels and is now at level 22!
You hear a shout! x8
The meat berserker moves out of view.
The meat berserker hits you with a +9 battleaxe!!
You die...

.###... ..###.
.......###......
#........_.....
.......#.....#
.......#_.<._#
.......#.)...#...
..#.....).._.......
..........###......
.....###.@)....###.
... #)oO....#
#...O...#
........o.
......C....
.........o.
....o......
.#....... ....


You could see a large bag of meat (inner flame), 2 meat berserkers and 4 bags of
meat.

Vanquished Creatures
  An ogre (D)
  5 orcs (D)
6 creatures vanquished.

Notes
Turn   | Place    | Note
--------------------------------------------------------------
     0 | D        | staplegun, the Spriggan Assassin, began the quest for the Orb.
     0 | D        | Reached XP level 1. HP: 10/10 MP: 2/2
     3 | D        | Noticed a bag of meat
     3 | D        | Noticed a meat berserker
     3 | D        | Killed a meat berserker
     3 | D        | Reached skill level 10 in Fighting
     3 | D        | Reached skill level 12 in Short Blades
     3 | D        | Reached skill level 27 in Stealth
     3 | D        | Reached XP level 2. HP: 12/24 MP: 4/4
     3 | D        | Reached XP level 3. HP: 14/28 MP: 6/6
     3 | D        | Reached XP level 4. HP: 16/32 MP: 8/8
     3 | D        | Reached XP level 5. HP: 18/37 MP: 10/10
     3 | D        | Reached XP level 6. HP: 20/42 MP: 12/12
     3 | D        | Reached XP level 7. HP: 21/46 MP: 14/14
     3 | D        | Reached XP level 8. HP: 22/50 MP: 16/16
     3 | D        | Reached XP level 9. HP: 23/54 MP: 18/18
     3 | D        | Reached XP level 10. HP: 25/59 MP: 19/19
     3 | D        | Reached XP level 11. HP: 26/63 MP: 20/20
     4 | D        | Noticed a bag of meat
     4 | D        | Noticed a bag of meat
     7 | D        | Killed a bag of meat
     7 | D        | Reached skill level 10 in Axes
     7 | D        | Reached XP level 12. HP: 27/71 MP: 21/21
     8 | D        | Noticed a bag of meat
     8 | D        | Noticed a bag of meat
     9 | D        | Noticed a bag of meat
    10 | D        | Noticed a bag of meat
    11 | D        | Noticed a bag of meat
    12 | D        | Noticed a bag of meat
    12 | D        | Killed a bag of meat
    12 | D        | Reached XP level 13. HP: 29/77 MP: 22/22
    13 | D        | Noticed a meat berserker
    13 | D        | Noticed a large bag of meat
    13 | D        | Noticed a meat berserker
    14 | D        | Noticed a bag of meat
    14 | D        | Killed a bag of meat
    14 | D        | Reached skill level 15 in Axes
    15 | D        | Noticed a bag of meat
    15 | D        | Killed a bag of meat
    15 | D        | Reached skill level 15 in Fighting
    15 | D        | Reached XP level 14. HP: 14/86 MP: 23/23
    16 | D        | Noticed a meat berserker
    16 | D        | Killed a bag of meat
    16 | D        | Mangled by a meat berserker

Action                   |  1- 3 |  4- 6 |  7- 9 | 10-12 | 13-15 || total
-------------------------+-------+-------+-------+-------+-------++-------
Melee: Broad axe         |     1 |       |       |     2 |     3 ||     6
